 Dungeon Crawl Stone Soup version 0.22-a0-833-g8522bf8125 (webtiles) character file.

77 Krey the Sneak (level 4, 0/23 HPs)
             Began as a Spriggan Assassin on July 25, 2018.
             Killed from afar by an orc wizard (12 damage)
             ... with a puff of frost
             ... on level 3 of the Dungeon.
             The game lasted 00:03:31 (1979 turns).

Krey the Sneak (Spriggan Assassin)                  Turns: 1979, Time: 00:03:32

Health: 0/23       AC:  3    Str:  7    XL:     4   Next: 13%
Magic:  5/5        EV: 17    Int: 12    God:
Gold:   45         SH:  0    Dex: 18    Spells: 3/3 levels left

rFire    . . .     SeeInvis +   e - +3 dagger (elec)
rCold    . . .     Gourm    .   (shield restricted)
rNeg     . . .     Faith    .   c - +0 robe
rPois    .         Spirit   .   (helmet restricted)
rElec    .         Reflect  .   d - +0 cloak
rCorr    .         Harm     .   (gloves unavailable)
MR       .....                  (boots unavailable)
Stlth    ++++......             (no amulet)
HPRegen  0.07/turn              (no ring)
MPRegen  0.09/turn              (no ring)

@: very quick
A: very small, unfitting armour, see invisible, herbivore, speed 3, slow
metabolism 2
a: no special abilities


You were on level 3 of the Dungeon.
You were not hungry.

You visited 1 branch of the dungeon, and saw 3 of its levels.

You collected 45 gold pieces.

Inventory:

Hand Weapons
 b - a +0 blowgun
 e - a +3 dagger of electrocution (weapon)
Missiles
 a - 2 poisoned needles
 f - 2 curare-tipped needles
Armour
 c - a +0 robe (worn)
 d - a +0 cloak (worn)
Scrolls
 h - 2 scrolls of identify
 i - 2 scrolls of remove curse {unknown}
 n - a scroll of immolation {unknown}
 q - a scroll of blinking {unknown}
 r - 2 scrolls of fear {unknown}
 s - a scroll of teleportation {unknown}
 t - a scroll of amnesia {unknown}
Potions
 j - a potion of invisibility {unknown}
 k - 4 potions of curing {unknown}
 l - a potion of flight
 o - a potion of mutation {unknown}
 p - a potion of agility {unknown}
Comestibles
 g - 3 rations


   Skills:
 + Level 1.9 Fighting
 + Level 2.7 Short Blades
 + Level 2.4 Throwing
 + Level 2.0 Dodging
 + Level 7.4 Stealth


You had 3 spell levels left.
You didn't know any spells.
Your spell library was empty.

Dungeon Overview and Level Annotations

Branches:
Dungeon (3/15)

Altars:
The Shining One


Innate Abilities, Weirdness & Mutations

You are very small and have problems with some larger weapons.
You are too small for most types of armour.
You have supernaturally acute eyesight. (SInv)
You are a herbivore.
You cover ground extremely quickly.
You need to consume almost no food.


Message History

l - a potion of flight It was a potion of heal wounds.
You feel much better.
Wield which item (- for none, * to show all)? (? for menu, Esc to quit)
That's the wrong kind of item! (Use * to select it.) Wield which item (- for none, * to show all)? (? for menu, Esc to quit)
You hear the crackle of electricity.
e - a +3 dagger of electrocution (weapon)
You hit the orc wizard but do no damage.
The orc wizard is moderately wounded.
The orc wizard casts a spell at you. The puff of frost hits you!
You hit the orc wizard.
The orc wizard is moderately wounded.
The orc wizard hits you but does no damage.
You hit the orc wizard.
The orc wizard is heavily wounded.
The orc wizard casts a spell at you. The puff of frost hits you!
Ouch! That really hurt!
You die...

.#####.#####.# #.####
###.... #.#####.###.#..
.....## #.##......#<#.#
#..o.# ##.##.##.#.#.#.##.#
#..#.# # #........#........#
#....#.#
#........############......#
##.###.#### #..(...†o.#.####
#.......# ###.#########.#
#..#.#..# #@o...# #.#
#.......# #..(..# #.#
#.##.##.# #.....# #.#
#.##.##.# #.$...# #.#
#.##.##.# #.....# ##.#
#.......# ####### #..#
####.#### #.## #.#
#########.# #.# #.......#.#


You could see an orc wizard.

Vanquished Creatures
  4 adders (D:2)
  2 worms (D:2)
  2 dart slugs
  A leopard gecko (D:2)
  2 goblins (D:2)
  4 hobgoblins
  3 kobolds (D:2)
  8 bats
  3 frilled lizards (D:1)
  5 rats
34 creatures vanquished.

Notes
Turn   | Place    | Note
-------+----------+-------------------------------------------
     0 | D:1      | Krey the Spriggan Assassin began the quest for the Orb.
     0 | D:1      | Reached XP level 1. HP: 10/10 MP: 2/2
    10 | D:1      | Reached skill level 6 in Stealth
   346 | D:1      | Reached XP level 2. HP: 14/14 MP: 3/3
  1020 | D:2      | Reached skill level 7 in Stealth
  1020 | D:2      | Reached XP level 3. HP: 18/18 MP: 4/4
  1553 | D:2      | Found a glowing golden altar of the Shining One.
  1677 | D:2      | Reached XP level 4. HP: 17/23 MP: 5/5
  1979 | D:3      | Killed from afar by an orc wizard

Vault maps used:
D:1:      minmay_arrival_five_plusses, serial_park_tiny_1
D:2:      kennysheep_big_flooded_room, marbit_many_paths
D:3:      first_ration

Skill      XL: |  1  2  3 |
---------------+----------+-----
Stealth        | 6 7 |  7.4
Dodging        | 2 |  2.0
Fighting       | |  1.9
Short Blades   | |  2.7
Throwing       | |  2.4

Action                   |  1- 3 |  4- 6 || total
-------------------------+-------+-------++-------
Melee: Dagger            |    75 |     7 ||    82
 Fire: Blowgun           |    17 |     3 ||    20
  Use: Scroll            |       |     1 ||     1
       Potion            |       |     1 ||     1
 Stab: Sleeping          |    10 |     3 ||    13
Armor: Robe              |    13 |       ||    13
Dodge: Dodged            |    57 |       ||    57

Table legend:
 A = Spawn XP
 B = Non-spawn XP
 C = Spawn XP percentage of total XP
 D = Spawn monster count
 E = Non-spawn monster count
 F = Spawn count percentage of total count
 G = Total turns spent on level
                    A         B        C        D         E        F      G
               +---------+---------+-------+---------+---------+-------+---------
         Total |       0 |     110 |   0.0 |       0 |      34 |   0.0 |  1979
               +---------+---------+-------+---------+---------+-------+---------
           D:1 |       0 |      13 |   0.0 |       0 |      10 |   0.0 |   599
           D:2 |       0 |      92 |   0.0 |       0 |      22 |   0.0 |  1278
           D:3 |       0 |       5 |   0.0 |       0 |       2 |   0.0 |   102
               +---------+---------+-------+---------+---------+-------+---------
